 Dungeon Crawl Stone Soup version 0.25-a0-1024-gbfbf38f2cb (webtiles) character file.

Game seed: 1043621253779777339, levelgen mode: deterministic

225511 Flugslaktarn the Slayer (level 19, -6/369 HPs)
             Began as an Ogre Berserker on May 12, 2020.
             Was the Champion of Trog.
             Mangled by a 19-headed hydra (11 damage)
             ... called by a spriggan druid
             ... on level 4 of the Swamp.
             The game lasted 00:29:05 (37972 turns).

Flugslaktarn the Slayer (Ogre Berserker)           Turns: 37972, Time: 00:29:06

Health: -6/369     AC: 15    Str: 26      XL:     19   Next: 33%
Magic:  20/20      EV: 21    Int:  4      God:    Trog [******]
Gold:   2003       SH: 36    Dex: 15 (16) Spells: 18/18 levels left

rFire    . . .     SeeInvis .   J - +3 broad axe
rCold    . . .     Gourm    .   m - +10 tower shield of Ignorance {rN+ Int-4}
rNeg     + . .     Faith    .   a - +0 swamp dragon scales
rPois    +         Spirit   .   (helmet restricted)
rElec    +         Reflect  +   Q - +3 cloak "Gickock" {-Cast +Inv rElec rCorr}
rCorr    +         Harm     .   (gloves unavailable)
MR       +....     NoCast   +   (boots unavailable)
Stlth    ..........             X - +5 amulet of reflection
HPRegen  0.71/turn              v - +3 ring of evasion
MPRegen  0.17/turn              o - ring of poison resistance

@: berserking (expiring), flying, slowed, studying 3 skills
A: large, unfitting armour, thin skeletal structure 1, high mp 1, robust 1,
tough skin 1
}: 1/15 runes: gossamer
a: Berserk, Trog's Hand, Brothers in Arms, Renounce Religion, Evoke Invisibility


You were on level 4 of the Swamp.
You worshipped Trog.
Trog was exalted by your worship.
You were very hungry.

You visited 5 branches of the dungeon, and saw 31 of its levels.
You visited the Abyss 1 time.
You also visited: Bailey and Volcano.

You collected 3472 gold pieces.
You spent 1469 gold pieces at shops.

Inventory:

Hand Weapons
 J - a +3 broad axe (weapon)
   (Trog gifted it to you on level 5 of the Lair of Beasts)
 Y - a +1 antimagic broad axe
   (Trog gifted it to you on level 4 of the Spider Nest)
Armour
 a - +0 swamp dragon scales (worn)
   (You found it on level 1 of the Swamp)
 m - the +10 tower shield of Ignorance (worn) {rN+ Int-4}
   (You bought it in a shop on level 11 of the Dungeon)

   It affects your intelligence (-4).
   It protects you from negative energy.
 K - a +0 troll leather armour
   (You found it on level 10 of the Dungeon)
 O - +0 ice dragon scales
   (You found it on level 6 of the Lair of Beasts)
 Q - the +3 cloak "Gickock" (worn) {-Cast +Inv rElec rCorr}
   (You bought it in a shop on level 2 of the Orcish Mines)

   It insulates you from electricity.
   It lets you turn invisible.
   It prevents spellcasting.
   It provides partial protection from all sources of acid and corrosion.
Jewellery
 b - an uncursed amulet of magic regeneration
   (You found it on level 4 of the Spider Nest)
 c - an uncursed ring of protection from cold
   (You found it on level 5 of the Dungeon)
 o - a ring of poison resistance (right hand)
   (You found it on level 3 of the Dungeon)
 v - a +3 ring of evasion (left hand)
   (You found it on level 2 of the Spider Nest)
 F - an uncursed ring of protection from cold
   (You found it on level 8 of the Dungeon)
 X - a +5 amulet of reflection (around neck)
   (You found it on level 1 of the Spider Nest)
Wands
 E - a wand of acid (3)
   (You found it on level 2 of the Lair of Beasts)
 G - a wand of paralysis (14)
   (You took it off Psyche on level 8 of the Dungeon)
 L - a wand of digging (10)
   (You found it on level 7 of the Dungeon)
 P - a wand of enslavement (6)
   (You found it on level 13 of the Dungeon)
 W - a wand of iceblast (19)
   (You found it on level 2 of the Spider Nest)
Scrolls
 j - 5 scrolls of enchant weapon
 r - 5 scrolls of identify
 t - 6 scrolls of teleportation
 u - 5 scrolls of immolation
 x - 17 scrolls of remove curse
 y - 2 scrolls of fear
 z - a scroll of blinking
 A - 2 scrolls of fog
 D - 3 scrolls of summoning
 I - 6 scrolls of enchant armour
 N - a scroll of holy word
 U - 2 scrolls of magic mapping
Potions
 d - 8 potions of might
 g - a potion of flight
 h - 7 potions of haste
 i - 6 potions of mutation
 k - 8 potions of ambrosia
 l - a potion of magic
 n - 7 potions of resistance
 p - 4 potions of invisibility
 q - 8 potions of curing
 w - 8 potions of heal wounds
 B - 2 potions of lignification
 C - 2 potions of berserk rage
 M - a potion of cancellation
Books
 H - a manual of Fighting
   (You acquired it on level 1 of the Spider Nest)
 S - a manual of Armour
   (You found it in a bailey)
 T - a manual of Shields
   (You acquired it on level 1 of the Orcish Mines)
Comestibles
 e - 24 rations
 f - 5 chunks of flesh


   Skills:
 + Level 21.4 Fighting
 - Level 18.0 Axes
 + Level 10.5 Armour
 + Level 14.3 Dodging
 - Level 15.0 Shields


You had 18 spell levels left.
You didn't know any spells.
Your spell library was empty.

Dungeon Overview and Level Annotations

Branches:
Dungeon (15/15)            Temple (0/1) D:4            Lair (6/6) D:10
  Swamp (4/4) Lair:2       Spider (4/4) Lair:3        Slime (0/5) Lair:5
    Orc (2/2) D:10            Elf (0/3) Orc:2        Vaults (0/5) D:14
 Depths (0/5) D:15         Bailey (visited)         Volcano (visited)

Altars:
Dithmenos
Elyvilon
Fedhas
Gozag
Hepliaklqana
Kikubaaqudgha
Makhleb
Okawaru
Ru
Sif Muna
Uskayaw
Xom
Yredelemnul
Zin
Beogh
Jiyva

Shops:
D:5 [   D:8 (   D:9 !   D:10 (   D:11 [   D:13 *   Orc:2 :(*[

Portals:
Trove: D:14 (give +3 shadow dragon scales)

Annotations:
D:4 1 runed translucent door
D:5 exclusion: door
D:6 3 exclusions
D:8 2 transporters, exclusion: obsidian statue
D:10 1 transporter, wullow's ghost, novice DsFi
Lair:4 exclusion: oklob plant
Lair:5 1 runed translucent door, exclusion: oklob plant
Orc:2 1 runed translucent door, Thantalas's ghost, journeyman DDFi


Innate Abilities, Weirdness & Mutations

You are too large for most types of armour.
You have tough skin. (AC +1)
You have a somewhat thin skeletal structure. (Dex +2, Stealth)
You have an increased reservoir of magic. (+10% MP)
You are robust. (+10% HP)


Message History

You slice the torpor snail!! You slice the swamp dragon!!
You kill the swamp dragon!
Trog accepts your kill.
The swamp dragon scales are intact enough to wear.
You slice one of the 18-headed hydra's heads off!
The 17-headed hydra grows two more!
You slash the 19-headed hydra!
You hear a roar!
You block the 19-headed hydra's attack. x2; The 19-headed hydra misses you.
You block the 19-headed hydra's attack. The 19-headed hydra misses you. x2
You block the 19-headed hydra's attack.
The 19-headed hydra bites you but does no damage.
The 19-headed hydra misses you. The 19-headed hydra bites you!
* * * LOW HITPOINT WARNING * * *
The 19-headed hydra bites you!
* * * LOW HITPOINT WARNING * * *
You block the 19-headed hydra's attack.
The 19-headed hydra completely misses you.
The 19-headed hydra misses you. You block the 19-headed hydra's attack.
The 19-headed hydra barely misses you. The 19-headed hydra bites you!
You die...

♣♣≈≈≈≈≈≈≈≈...≈≈≈
♣♣w≈≈≈...≈≈≈....
♣♣♣♣♣♣♣♣♣..≈≈≈♣♣♣♣.≈≈..≈
.≈.♣.≈≈≈.≈.≈≈♣♣ ♣♣♣≈.≈.
≈≈≈.≈.♣≈≈≈≈≈≈.♣ ♣♣...
≈≈≈§≈≈≈≈≈≈≈≈≈.♣ ♣..♣
≈≈≈.≈≈°°°≈...♣♣ ♣♣♣♣
.≈≈..≈)iD°♣♣♣♣ ♣
≈.♣..w@°♣♣ ♣♣♣♣♣♣kw§≈≈≈≈
°k≈≈≈≈≈ ≈≈≈≈≈≈. .≈≈≈[..
..#≈..♣ ..≈≈.♣♣ .♣≈ ♣♣


You could see a 19-headed hydra (strong), a tyrant leech, a spriggan rider
(confused), a torpor snail (strong, confused), a swamp worm and 2 swamp drakes.

Vanquished Creatures
  Arachne (Spider:2)
  Agnes (Spider:2)
  2 thorn hunters
  Kirke (D:13)
  Roxanne (Spider:2)
  5 ghost moths
  An orc warlord (Orc:2)
  9 emperor scorpions
  Aizul (Swamp:2)
  A caustic shrike skeleton (D:15)
  A stone giant (Volcano)
  Azrael (Spider:2)
  An entropy weaver (Spider:3)
  Nessos (D:15)
  Josephine (Lair:4)
  Erolcha (Orc:1)
  An ice dragon (Lair:6)
  A shambling mangrove (Swamp:2)
  Erica (D:9)
  13 hydras
  9 two-headed ogres
  An ogre mage (D:15)
  12 alligators
  4 orc high priests
  9 death yaks
  A deep elf knight (D:15)
  7 skeletal warriors (D:15)
  2 unseen horrors
  A spriggan druid (Swamp:4)
  A wizard (D:14)
  2 swamp dragons
  2 necromancers
  A phantasmal warrior (D:15)
  Pikel (D:5)
  5 orc knights
  16 orb spiders
  A wolf spider zombie (D:14)
  4 lindwurms
  A deep elf mage (D:13)
  6 ugly things
  6 orc sorcerers
  29 wolf spiders
  3 manticores
  2 moths of wrath
  A stone giant zombie (D:15)
  3 cyclopes
  8 black mambas
  17 elephants
  2 molten gargoyles (Volcano)
  Psyche (D:8)
  7 torpor snails
  A centaur skeleton (D:13)
  Maggie (D:8)
  3 gargoyles
  8 spiny frogs
  A spriggan skeleton (D:15)
  2 efreet
  10 komodo dragons
  3 rime drakes
  8 demonic crawlers
  A kobold demonologist (D:14)
  32 jumping spiders
  6 trolls
  A polar bear (Lair:5)
  2 meliai (D:15)
  18 hornets
  11 tyrant leeches
  Grinder (D:5)
  A bog body (Swamp:2)
  6 dream sheep
  13 blink frogs
  16 slime creatures
  3 hippogriffs
  A meliai zombie (D:13)
  A deep troll skeleton (D:15)
  45 redbacks
  5 spriggans
  A shadow (D:13)
  23 tarantellas
  2 vampires
  38 yaks
  2 wyverns
  5 humans (D:8)
  4 fire elementals
  7 wraiths
  10 basilisks
  3 hogs (D:13)
  2 fire bats (Volcano)
  4 hungry ghosts
  2 steam dragons
  10 vampire mosquitoes
  12 insubstantial wisps
  2 wargs (Orc:1)
  13 swamp worms
  8 water moccasins
  3 acid dragons
  5 hell hounds
  9 porcupines
  50 orc warriors
  6 ice beasts
  5 sky beasts
  3 black bears
  A necrophage (D:10)
  3 eyes of draining
  4 phantoms
  3 swamp drakes
  9 wolves
  20 centaurs
  14 ogres
  15 crocodiles
  24 bullfrogs
  2 big kobolds (D:7)
  An earth elemental (Volcano)
  A gnoll sergeant (D:12)
  A wyvern skeleton (D:9)
  7 scorpions
  A howler monkey (D:6)
  6 wights
  2 electric eels
  9 crimson imps
  3 lava snakes (Volcano)
  A bullfrog zombie (D:5)
  3 quasits
  4 centaur zombies
  10 hounds
  7 jellies
  33 orc priests
  36 orc wizards
  3 bullfrog skeletons
  Terence (D:3)
  5 iguanas
  5 hell rats (Lair:3)
  10 worker ants
  2 hound zombies (D:5)
  Robin (D:3)
  2 worker ant zombies
  7 gnolls
  2 howler monkey skeletons
  15 adders
  A river rat (D:5)
  3 shadow imps
  3 adder skeletons
  5 worms
  2 dart slugs
  5 leopard geckos
  110 orcs
  A ball python (D:2)
  9 giant cockroaches
  14 goblins
  12 hobgoblins
  9 jackals
  26 kobolds
  3 quokkas
  7 bats
  5 frilled lizards
  2 jackal skeletons
  A kobold zombie (D:4)
  2 quokka skeletons
  8 rats
  3 fungi
  5 plants
1148 creatures vanquished.

Vanquished Creatures (collateral kills)
  A hydra (Lair:5)
1 creature vanquished.

Vanquished Creatures (others)
  Donald (Swamp:3)
  A hydra (Swamp:4)
  A meliai (D:15)
  A human (D:13)
  2 slaves (D:5)
  22 fungi
  31 plants
  4 withered plants (D:15)
63 creatures vanquished.

Grand Total: 1212 creatures vanquished

Notes
Turn   | Place    | Note
-------+----------+-------------------------------------------
     0 | D:1      | Flugslaktarn the Ogre Berserker began the quest for the
                  | Orb.
     0 | D:1      | Reached XP level 1. HP: 24/24 MP: 1/1
    94 | D:1      | Reached XP level 2. HP: 32/32 MP: 2/2
   535 | D:1      | Reached ** piety under Trog
   605 | D:1      | Reached XP level 3. HP: 40/40 MP: 3/3
  1687 | D:2      | Reached XP level 4. HP: 49/49 MP: 4/4
  2731 | D:3      | Noticed Terence
  2736 | D:3      | Reached skill level 5 in Fighting
  2736 | D:3      | Reached XP level 5. HP: 57/57 MP: 5/5
  2745 | D:3      | Killed Terence
  2769 | D:3      | Found a blossoming altar of Fedhas.
  2806 | D:3      | Reached *** piety under Trog
  3212 | D:3      | Gained mutation: You are robust. (+10% HP) [potion of
                  | mutation]
  3212 | D:3      | Gained mutation: You have a somewhat thin skeletal
                  | structure. (Dex +2, Stealth) [potion of mutation]
  3212 | D:3      | Gained mutation: You have an increased reservoir of magic.
                  | (+10% MP) [potion of mutation]
  3220 | D:3      | Reached skill level 5 in Axes
  3299 | D:3      | Found a glowing silver altar of Zin.
  3311 | D:3      | Noticed Robin
  3315 | D:3      | Killed Robin
  3317 | D:3      | Reached XP level 6. HP: 61/72 MP: 6/6
  4021 | D:4      | Found a staircase to the Ecumenical Temple.
  4033 | D:4      | Reached skill level 1 in Shields
  4037 | D:4      | Reached XP level 7. HP: 81/81 MP: 7/7
  4176 | D:4      | Found a runed translucent door.
  4176 | D:4      | Noticed a human
  4187 | D:4      | Reached skill level 6 in Fighting
  4270 | D:4      | Found a basalt altar of Yredelemnul.
  4920 | D:5      | Entered Level 5 of the Dungeon
  5178 | D:5      | Found a glowing drain.
  5181 | D:5      | Found an iron altar of Okawaru.
  5181 | D:5      | Noticed Grinder
  5194 | D:5      | Paralysed by Grinder for 6 turns
  5212 | D:5      | Reached XP level 8. HP: 81/92 MP: 8/8
  5509 | D:5      | Killed Grinder
  5509 | D:5      | Reached skill level 7 in Fighting
  5687 | D:5      | Reached skill level 5 in Dodging
  5926 | D:5      | Found an iron altar of Okawaru.
  5941 | D:5      | Noticed Pikel
  5943 | D:5      | Reached **** piety under Trog
  5947 | D:5      | Found Jahae's Armour Boutique.
  5953 | D:5      | Killed Pikel
  5953 | D:5      | Reached skill level 8 in Fighting
  5953 | D:5      | Reached XP level 9. HP: 105/105 MP: 9/9
  6152 | D:5      | Found a hide-covered altar of Uskayaw.
  6155 | D:5      | Noticed a +0 dagger
  6155 | D:5      | Noticed a +0 dagger
  6308 | D:5      | Found a shimmering blue altar of Sif Muna.
  7574 | D:6      | Found a shadowy altar of Dithmenos.
  7748 | D:6      | Found a white marble altar of Elyvilon.
  7748 | D:6      | Found a burning altar of Makhleb.
  7776 | D:6      | Found an ancient bone altar of Kikubaaqudgha.
  7776 | D:6      | Found a basalt altar of Yredelemnul.
  8434 | D:7      | Reached skill level 9 in Fighting
  8883 | D:7      | Reached XP level 10. HP: 52/117 MP: 11/11
  9303 | D:7      | Reached skill level 5 in Shields
  9939 | D:8      | Got an encrusted kite shield
  9960 | D:8      | Identified the +2 kite shield of Dobagrut {rPois Int-5
                  | Dex+5} (You found it on level 8 of the Dungeon)
 10128 | D:8      | Noticed Maggie
 10144 | D:8      | Killed Maggie
 10144 | D:8      | Reached skill level 10 in Axes
 10218 | D:8      | Noticed a two-headed ogre
 10227 | D:8      | Killed a two-headed ogre
 10230 | D:8      | Reached skill level 10 in Fighting
 10236 | D:8      | Noticed Psyche
 10432 | D:8      | Found Ymocibbezi's Weapon Emporium.
 10450 | D:8      | Paralysed by Psyche for 2 turns
 10457 | D:8      | Cast into level 2 of the Abyss (Psyche)
 10459 | Abyss:2  | Found a corrupted altar of Lugonu.
 10544 | D:8      | Escaped the Abyss
 10553 | D:8      | Killed Psyche
 10742 | D:8      | Found a transporter.
 10742 | D:8      | Noticed an orc knight
 10786 | D:8      | Noticed an obsidian statue
 10795 | D:8      | Found a transporter.
 11065 | D:8      | Reached XP level 11. HP: 96/130 MP: 12/12
 11761 | D:9      | Noticed Erica
 11772 | D:9      | Killed Erica
 11841 | D:9      | Noticed a two-headed ogre
 11857 | D:9      | Killed a two-headed ogre
 12067 | D:9      | Reached ***** piety under Trog
 12106 | D:9      | Found Yghoovvo's Distillery.
 12113 | D:9      | Bought a potion of resistance for 150 gold pieces
 12113 | D:9      | Bought a potion of mutation for 120 gold pieces
 12113 | D:9      | Bought a potion of invisibility for 120 gold pieces
 12113 | D:9      | Bought a potion of heal wounds for 75 gold pieces
 12669 | D:9      | Reached skill level 11 in Fighting
 12934 | D:10     | Entered Level 10 of the Dungeon
 13221 | D:10     | Found a staircase to the Lair.
 13535 | D:10     | Found Dingor's Weapon Shoppe.
 13536 | D:10     | Found a staircase to the Orcish Mines.
 13617 | D:10     | Found a transporter.
 13620 | D:10     | Noticed wullow's ghost (novice DsFi)
 13621 | D:10     | Noticed a two-headed ogre
 13622 | D:10     | Noticed a two-headed ogre
 14209 | D:11     | Reached XP level 12. HP: 139/144 MP: 13/13
 14566 | D:11     | Found Zielufrisa's Armour Emporium.
 14696 | D:11     | Noticed a seven-headed hydra
 14870 | D:11     | Killed a one-headed hydra
 15047 | D:11     | Found a sacrificial altar of Ru.
 15118 | Lair:1   | Entered Level 1 of the Lair of Beasts
 15243 | Lair:1   | Reached skill level 12 in Fighting
 16269 | Lair:2   | Found a dark tunnel.
 16279 | Volcano  | Entered a volcano
 16427 | Volcano  | Reached ****** piety under Trog
 16481 | Volcano  | Found a burning altar of Makhleb.
 16585 | Volcano  | Noticed a stone giant
 16601 | Volcano  | Killed a stone giant
 16651 | Volcano  | Reached XP level 13. HP: 155/155 MP: 14/14
 16809 | Lair:2   | Found a staircase to the Swamp.
 17455 | Lair:3   | Found a hole to the Spider Nest.
 17463 | Lair:3   | You fall into a shaft and drop 3 floors!
 17463 | Lair:6   | Entered Level 6 of the Lair of Beasts
 17474 | Lair:5   | Found a burning altar of Makhleb.
 17487 | Lair:5   | Received a gift from Trog
 17488 | Lair:5   | Reached skill level 13 in Fighting
 17892 | Lair:4   | Noticed Josephine
 17906 | Lair:4   | Killed Josephine
 18319 | Lair:3   | Reached skill level 10 in Dodging
 19706 | Lair:5   | Reached skill level 14 in Fighting
 19819 | Lair:5   | Reached XP level 14. HP: 149/171 MP: 15/15
 19884 | Lair:5   | Reached skill level 15 in Axes
 20258 | Lair:5   | Received a gift from Trog
 20550 | Lair:5   | Found a runed translucent door.
 20550 | Lair:5   | Found a viscous altar of Jiyva.
 20550 | Lair:5   | Found a staircase to the Slime Pits.
 20550 | Lair:5   | Noticed an acid blob
 20550 | Lair:5   | Noticed an acid blob
 21084 | Lair:6   | Reached skill level 10 in Shields
 21233 | Lair:6   | Found a runed translucent door.
 23227 | Lair:6   | Reached skill level 15 in Fighting
 23768 | Lair:6   | Reached XP level 15. HP: 173/183 MP: 16/16
 24602 | D:11     | Bought the +10 tower shield of Ignorance {rN+ Int-4} for
                  | 687 gold pieces
 24602 | D:11     | Found the +10 tower shield of Ignorance {rN+ Int-4}
 25304 | D:13     | Noticed Kirke
 25383 | D:13     | Killed Kirke
 25595 | D:13     | Found Caomoe's General Store.
 25606 | D:13     | Bought a scroll of fear for 42 gold pieces
 25639 | D:13     | Received a gift from Trog
 25838 | D:13     | Found a burning altar of Makhleb.
 26423 | D:14     | Found a gate to the Vaults.
 26481 | D:14     | Found a shimmering altar of Xom.
 26483 | D:14     | Found a shimmering altar of Xom.
 26483 | D:14     | Found a shimmering altar of Xom.
 26485 | D:14     | Found a shimmering altar of Xom.
 26487 | D:14     | Found a shimmering altar of Xom.
 26489 | D:14     | Found a shimmering altar of Xom.
 26491 | D:14     | Found a shimmering altar of Xom.
 26580 | D:14     | Found a portal to a secret trove of treasure.
 26779 | D:15     | Entered Level 15 of the Dungeon
 26884 | D:15     | Found a hazy altar of Hepliaklqana.
 26889 | D:15     | Noticed Nessos
 27494 | D:15     | Reached skill level 16 in Fighting
 27708 | D:15     | Received a gift from Trog
 27780 | D:15     | Found an opulent altar of Gozag.
 27807 | D:15     | Killed Nessos
 27928 | D:15     | Reached XP level 16. HP: 153/196 MP: 11/17
 28052 | D:15     | Found a staircase to the Depths.
 28522 | Orc:1    | Entered Level 1 of the Orcish Mines
 28676 | Orc:1    | Found a roughly hewn altar of Beogh.
 28686 | Orc:1    | Found a flagged portal.
 28697 | Bailey   | Entered a bailey
 28860 | Bailey   | Received a gift from Trog
 29330 | Orc:1    | Identified a scroll of acquirement
 29340 | Orc:1    | Identified the ring "Oreleu Cire" {+Blink +Inv Str+4
                  | Stlth+} (You acquired it on level 1 of the Orcish Mines)
 29340 | Orc:1    | Identified the +1 hand axe of Resourcefulness {vamp, +Fly}
                  | (You acquired it on level 1 of the Orcish Mines)
 29487 | Orc:1    | Noticed Erolcha
 29497 | Orc:1    | Killed Erolcha
 29555 | Orc:2    | Entered Level 2 of the Orcish Mines
 29567 | Orc:2    | Found a staircase to the Elven Halls.
 29825 | Orc:2    | Found a roughly hewn altar of Beogh.
 29895 | Orc:2    | Found a runed translucent door.
 29896 | Orc:2    | Noticed Thantalas's ghost (journeyman DDFi)
 30262 | Orc:2    | Received a gift from Trog
 30502 | Orc:2    | Found Roghe's Antique Armour Boutique.
 30503 | Orc:2    | Found Qouczehi's Antique Weapon Boutique.
 30504 | Orc:2    | Found Urahe's General Store.
 30504 | Orc:2    | Found Ofuh Des's Book Shop.
 30518 | Orc:2    | Bought a crude cloak for 275 gold pieces
 30529 | Orc:2    | Identified the +3 cloak "Gickock" {-Cast +Inv rElec rCorr}
                  | (You bought it in a shop on level 2 of the Orcish Mines)
 30986 | Spider:1 | Entered Level 1 of the Spider Nest
 31196 | Spider:1 | Reached skill level 17 in Fighting
 31196 | Spider:1 | Reached XP level 17. HP: 210/210 MP: 18/18
 31987 | Spider:2 | Noticed Azrael
 32064 | Spider:2 | Killed Azrael
 32265 | Spider:2 | Noticed Agnes
 32283 | Spider:2 | Killed Agnes
 32471 | Spider:2 | Noticed Arachne
 32509 | Spider:2 | Killed Arachne
 32509 | Spider:2 | Reached skill level 18 in Fighting
 32509 | Spider:2 | Reached skill level 5 in Armour
 32629 | Spider:2 | Noticed Roxanne
 32650 | Spider:2 | Killed Roxanne
 32836 | Spider:3 | Reached XP level 18. HP: 224/224 MP: 19/19
 33602 | Spider:4 | Entered Level 4 of the Spider Nest
 33624 | Spider:4 | Received a gift from Trog
 34065 | Spider:4 | Reached skill level 19 in Fighting
 35837 | Spider:4 | Reached skill level 20 in Fighting
 35944 | Spider:4 | Got a gossamer rune of Zot
 36200 | Swamp:1  | Entered Level 1 of the Swamp
 36574 | Swamp:1  | Reached skill level 15 in Shields
 36647 | Swamp:1  | Received a gift from Trog
 36937 | Swamp:2  | Reached XP level 19. HP: 243/243 MP: 20/20
 36999 | Swamp:2  | You fall into a shaft and drop 1 floor!
 37170 | Swamp:3  | Noticed Donald
 37179 | Swamp:3  | Killed Donald
 37284 | Swamp:2  | Noticed Aizul
 37305 | Swamp:2  | Killed Aizul
 37305 | Swamp:2  | Reached skill level 21 in Fighting
 37305 | Swamp:2  | Reached skill level 10 in Armour
 37612 | Swamp:4  | Entered Level 4 of the Swamp
 37738 | Swamp:4  | Received a gift from Trog
 37972 | Swamp:4  | HP: 12/369 [19-headed hydra[a spriggan druid] (15)]
 37972 | Swamp:4  | HP: 5/369 [19-headed hydra[a spriggan druid] (7)]
 37972 | Swamp:4  | Mangled by a 19-headed hydra

Illustrated notes

Levels and vault maps discovered:
D:1:      minmay_arrival_cross, layout_basic, minmay_tripent
D:2:      minmay_thinvault, layout_loops_ring
D:3:      layout_loops_ring, marbit_many_paths, nicolae_overflow_crystal_walls,
          first_ration, uniq_terence, uniq_robin
D:4:      layout_loops_ring, minmay_temple_entry_mist, kennysheep_cross_room,
          grunt_decor_one_mirror, dk_yredelemnul_ordeal
D:5:      layout_cave_pools, led_sif_book, dancing_weapons_uskayaw,
          kennysheep_mini_moat, serial_shops, nicolae_shop_trees,
          cheibrodos_sewer_entry_sluice, okawaru_trees_1, uniq_grinder,
          uniq_pikel
D:6:      cheibrodos_helix_gallery, layout_loops_cross,
          grunt_temple_overflow_cloverleaf, nicolae_dithmenos_shadow_blocks
D:7:      layout_basic, the_bakery, minmay_chambers_of_fives
D:8:      gammafunk_sealed_arena, layout_basic, serial_shops, shop,
          nicolae_lava_and_water, chequers_serial_rivers_room_a, st_stairs_9,
          minmay_door_square, minmay_ruffians, uniq_maggie, uniq_psyche
D:9:      layout_irregular_city, serial_shops, shop_statue, grunt_ministairs_9,
          billiards_dpeg, uniq_erica
D:10:     layout_loops_cross, minmay_lair_entry_grove, orc_david_3,
          gammafunk_ghost_smash
D:11:     layout_roguey, serial_shops, shop, hangedman_abyss_or_decor_passed,
          nicolae_ru_path_of_blood
D:12:     layout_basic
D:13:     layout_cave_pools, serial_shops, shop, basic_altar, library_closet,
          uniq_kirke
D:14:     layout_cross, david_vaults_1, nicolae_xom_altar_mimics, enter_trove_6
D:15:     gammafunk_depths_entry_grave, layout_long_grid, basic_altar,
          minmay_misc_feat_plants, minmay_ruined_shrine, uniq_nessos
Lair:1:   layout_loops_ring, columned_hall_lemuel
Lair:2:   layout_misc_corridors, minmay_swamp_entry_worms, enter_volcano_3,
          nicolae_quartered_pool_medium, st_stairs_7, minivault_27
Lair:3:   layout_regular_city, dummy_spider_entry, gauntlet_entry_generic,
          beast_lair_carwin_10, grunt_megastairs_2
Lair:4:   layout_big_grid, grunt_megastairs_1, minmay_lair_oklob_chamber,
          lemuel_fruit_tree, uniq_josephine
Lair:5:   layout_gridlike, slime_altar_2, lemuel_oklob_altar
Lair:6:   hangedman_lair_in_review, layout_gridlike, wormcave
Swamp:1:  layout_falls_marsh, evilmike_swamp_ruin_house_2, swamp_pool1,
          hangedman_swamp_lotus
Swamp:2:  layout_basic_swamp, hangedman_swamp_ruin_wall, swamp_pool3,
          uniq_aizul, uniq_jorgrun
Swamp:3:  layout_basic_swamp, nicolae_swamp_trees_clearing, swamp_pool2,
          uniq_donald
Swamp:4:  swamp_old_school, layout_basic_swamp, swamp_pool1, worms_lemuel
Spider:1: layout_spider_delve
Spider:2: layout_spider_delve, uniq_arachne, uniq_roxanne, uniq_azrael,
          uniq_agnes
Spider:3: layout_spider_delve, nicolae_spider_cling_ruins
Spider:4: grunt_spider_rune_circles
Orc:1:    layout_caves, enter_bailey_2, basic_altar, uniq_erolcha
Orc:2:    st_orc_congregation, layout_diamond_mine, gammafunk_ghost_grave,
          basic_altar, nicolae_orc_stony_grotto

Skill      XL: |  1  2  3  4  5  6  7  8  9 10 11 12 13 14 15 16 17 18 19 |
---------------+----------------------------------------------------------+-----
Dodging        | 3 4 5 6 7 8 9 10 11 12 13 14 | 14.3
Axes           | 4 5 6 8 9 10 12 13 14 16 17 18 | 18.0
Fighting       | 5 6 8 9 10 11 12 14 15 16 17 18 20 21 | 21.4
Shields        | 1 2 3 4 6 7 8 9 10 11 12 13 15 | 15.0
Armour         | 2 5 9 10 | 10.5

Action                   |  1- 3 |  4- 6 |  7- 9 | 10-12 | 13-15 | 16-18 | 19-21 || total
-------------------------+-------+-------+-------+-------+-------+-------+-------++-------
Melee: Hand axe          |   154 |   110 |       |       |       |       |       ||   264
       War axe           |       |    71 |   422 |   821 |    44 |       |       ||  1358
       Scimitar          |       |       |       |     9 |       |       |       ||     9
       Broad axe         |       |       |       |       |  1102 |  1384 |   223 ||  2709
Invok: Berserk           |     2 |     4 |     6 |    16 |    16 |    14 |     2 ||    60
       Trog's Hand       |       |       |     3 |     3 |     7 |     6 |       ||    19
       Brothers in Arms  |       |       |       |       |     3 |       |       ||     3
Evoke: Wand              |       |       |       |     4 |    24 |       |       ||    28
  Use: Scroll            |       |     9 |    10 |    10 |    19 |     6 |       ||    54
       Potion            |       |     1 |     1 |     1 |     1 |     4 |     1 ||     9
 Stab: Sleeping          |       |     1 |     3 |     9 |     6 |     1 |       ||    20
       Paralysed         |       |       |       |     2 |       |       |       ||     2
       Distracted        |       |       |       |       |     1 |       |       ||     1
       Confused          |       |       |       |       |       |       |     4 ||     4
  Eat: Chunk             |     4 |    11 |    17 |    28 |    41 |    28 |     5 ||   134
       Ration            |       |       |     2 |     7 |     4 |     5 |       ||    18
Armor: Animal skin       |    58 |    32 |    59 |     1 |       |       |       ||   150
       Steam dragon scal |       |       |       |    41 |       |       |       ||    41
       Troll leather arm |       |       |       |    57 |   155 |   133 |       ||   345
       Ice dragon scales |       |       |       |       |    82 |       |       ||    82
       Swamp dragon scal |       |       |       |       |       |    15 |    45 ||    60
Dodge: Dodged            |   102 |    81 |   100 |   318 |   594 |   424 |   117 ||  1736
Block: Tower shield      |       |    24 |   308 |    42 |   601 |  1865 |   273 ||  3113
       Kite shield       |       |       |       |   442 |   521 |       |       ||   963
       Reflection        |       |       |       |       |       |    11 |     4 ||    15
       Rpst.: Scimitar   |       |       |       |     1 |       |       |       ||     1

Table legend:
 A = Non-vault XP
 B = Vault XP
 C = Vault XP percentage of total XP
 D = Non-vault monster count
 E = Vault monster count
 F = Vault count percentage of total count
                 A         B        C        D         E       F
            +---------+---------+-------+---------+---------+-------
      Total |  182802 |  103129 |  36.1 |     809 |     335 |  29.3
            +---------+---------+-------+---------+---------+-------
        D:1 |      40 |       4 |   9.1 |      25 |       2 |   7.4
        D:2 |      56 |      53 |  48.6 |      19 |      18 |  48.6
        D:3 |      93 |      83 |  47.2 |      11 |      11 |  50.0
        D:4 |     440 |       1 |   0.2 |      17 |       1 |   5.6
        D:5 |    1041 |     919 |  46.9 |      32 |       4 |  11.1
        D:6 |     894 |      48 |   5.1 |      24 |       2 |   7.7
        D:7 |    1079 |     677 |  38.6 |      33 |       6 |  15.4
        D:8 |    1154 |    2850 |  71.2 |      24 |      10 |  29.4
        D:9 |    2478 |    1011 |  29.0 |      22 |       4 |  15.4
       D:10 |    2144 |    2535 |  54.2 |      42 |      20 |  32.3
       D:11 |    3025 |       0 |   0.0 |      26 |       0 |   0.0
       D:12 |    4555 |       0 |   0.0 |      24 |       0 |   0.0
       D:13 |    6418 |    2641 |  29.2 |      24 |       4 |  14.3
       D:14 |    6267 |    1965 |  23.9 |      22 |       4 |  15.4
       D:15 |   13066 |    9979 |  43.3 |      26 |      17 |  39.5
     Lair:1 |    2556 |       0 |   0.0 |      14 |       0 |   0.0
     Lair:2 |    5301 |     884 |  14.3 |      24 |       5 |  17.2
     Lair:3 |    6949 |    1976 |  22.1 |      21 |      11 |  34.4
     Lair:4 |    5444 |    1820 |  25.1 |      17 |       5 |  22.7
     Lair:5 |    9483 |       0 |   0.0 |      33 |       0 |   0.0
     Lair:6 |   10651 |   17544 |  62.2 |      34 |      39 |  53.4
    Swamp:1 |   10215 |       0 |   0.0 |      22 |       0 |   0.0
    Swamp:2 |   14821 |    1515 |   9.3 |      35 |       1 |   2.8
    Swamp:3 |    7546 |    1486 |  16.5 |      23 |       1 |   4.2
    Swamp:4 |    6476 |    1550 |  19.3 |      12 |       2 |  14.3
   Spider:1 |   11822 |       0 |   0.0 |      34 |       0 |   0.0
   Spider:2 |    7960 |    9800 |  55.2 |      25 |       9 |  26.5
   Spider:3 |   12013 |       0 |   0.0 |      25 |       0 |   0.0
   Spider:4 |   21970 |   25159 |  53.4 |      49 |      41 |  45.6
      Orc:1 |    4686 |    1919 |  29.1 |      57 |       3 |   5.0
      Orc:2 |    2159 |   10423 |  82.8 |      13 |      63 |  82.9
     Bailey |       0 |    2284 | 100.0 |       0 |      39 | 100.0
    Volcano |       0 |    4003 | 100.0 |       0 |      13 | 100.0
            +---------+---------+-------+---------+---------+-------
